 Dungeon Crawl Stone Soup version 0.25.0-9-g26727b657a (console) character file.

Game seed: 3506113620602318764

259 Kagalorn the Skirmisher (level 6, -3/51 HPs)
             Began as a Barachi Wanderer on June 19, 2020.
             Was a Follower of Trog.
             Slain by a mummy (9 damage)
             ... in an ossuary.
             The game lasted 00:09:48 (3859 turns).

Kagalorn the Skirmisher (Barachi Wanderer)          Turns: 3859, Time: 00:09:48

Health: -3/51      AC:  8    Str: 16    XL:     6   Next: 17%
Magic:  12/12      EV:  9    Int: 14    God:    Trog [*.....]
Gold:   214        SH:  0    Dex: 15    Spells: 12/13 levels left

rFire    . . .     SeeInvis .   a - +0 trident
rCold    . . .     Gourm    .   (no shield)
rNeg     . . .     Faith    .   v - +1 scale mail {rPois}
rPois    +         Spirit   .   (no helmet)
rElec    .         Reflect  .   (no cloak)
rCorr    .         Harm     .   (no gloves)
MR       .....                  (no boots)
Stlth    ..........             l - amulet of regeneration
HPRegen  0.57/turn              o - +6 ring of dexterity
MPRegen  0.13/turn              (no ring)

@: about to teleport, marked, can't hop, berserk cooldown, slowed, very slow
A: +LOS, swims, slowness 1, strong legs 1
a: Hop, Berserk, Renounce Religion


You were in an ossuary.
You worshipped Trog.
Trog was aware of your devotion.
You were not hungry.

You visited 1 branch of the dungeon, and saw 4 of its levels.
You also visited: Ossuary.

You collected 214 gold pieces.

Inventory:

Hand Weapons
 a - a +0 trident (weapon)
 b - a +2 hunting sling of freezing
Missiles
 k - 36 arrows
 q - 18 sling bullets
 r - 43 stones
 t - 2 throwing nets
 u - 22 poisoned darts (quivered)
Armour
 v - a +1 scale mail of poison resistance (worn)
Jewellery
 l - an amulet of regeneration (around neck)
 o - a +6 ring of dexterity (left hand)
Scrolls
 d - a scroll of remove curse {unknown}
 e - 2 scrolls of amnesia {unknown}
 h - 2 scrolls of enchant armour {unknown}
 i - 2 scrolls of teleportation
 j - 6 scrolls of identify {unknown}
 m - a scroll of fog {unknown}
 n - a scroll of blinking {unknown}
 p - a scroll of magic mapping {unknown}
Potions
 c - 2 potions of curing
 g - a potion of invisibility {unknown}
 w - a potion of lignification {unknown}
Comestibles
 f - 7 rations


   Skills:
 - Level 5.0 Fighting
   Level 1.0 Crossbows
 + Level 4.1 Armour
 - Level 1.0 Stealth
   Level 1.1 Shields
 - Level 4.0 Spellcasting
 - Level 1.3 Conjurations
   Level 1.7 Necromancy


You had 12 spell levels left.
You knew the following spells:

 Your Spells              Type           Power        Failure   Level  Hunger
a - Magic Dart            Conj           #...         36%         1    None

Your spell library contained the following spells:

 Spells                   Type           Power        Failure   Level  Hunger
 Blink                    Tloc           N/A          69%         2    ##.....
 Call Imp                 Summ           #.......     69%         2    ##.....
 Slow                     Hex            #.......     69%         2    ##.....
 Conjure Flame            Conj/Fire      #.......     83%         3    ###....
 Mephitic Cloud           Conj/Pois/Air  #.......     86%         3    ###....


Dungeon Overview and Level Annotations

Branches:
Dungeon (4/15)            Ossuary (1/1)
 Temple: D:4-7

Altars:
Fedhas
Trog


Innate Abilities, Weirdness & Mutations

You can be seen from farther away. (+LOS)
You can swim through water.
You cover ground slowly.
You can hop short distances.


Message History

The mummy is heavily damaged.
The mummy hits you but does no damage.
You puncture the mummy!
The mummy is almost destroyed.
The mummy hits you!
* * * LOW HITPOINT WARNING * * *
You hit the mummy.
The mummy is almost destroyed.
You are no longer berserk.
You are exhausted.
You feel yourself slow down.
Hop to where?
Press: ? - help, Dir - move target cursor Boing!
The mummy barely misses you.
As you read the scroll labeled QEISEA WUXTEHU, it crumbles to dust.
You feel strangely unstable.
It was a scroll of teleportation.
The mummy hits you.
* * * LOW HITPOINT WARNING * * *
The mummy hits you!
You die...

##..^..##
#.....#
#.....#
#..∩(.#
#.....#
#..∩..#
#.....#
#.....#
#.M@..#
#.M...#
##○..##
#####


You could see 2 mummies.

Vanquished Creatures
  A centaur zombie (Ossuary)
  An orc wizard (D:3)
  A worker ant (D:4)
  2 big kobold zombies (Ossuary)
  4 mummies (Ossuary)
  An adder (D:3)
  2 oozes
  2 worms
  4 leopard geckos
  3 orcs (D:3)
  11 bats
  4 giant cockroaches
  4 goblins
  7 hobgoblins
  A quokka (D:3)
  A ball python (D:3)
  4 frilled lizards
  3 hobgoblin zombies (Ossuary)
  4 kobolds
  6 rats
66 creatures vanquished.

Notes
Turn   | Place    | Note
-------+----------+-------------------------------------------
     0 | D:1      | Kagalorn the Barachi Wanderer began the quest for the Orb.
     0 | D:1      | Kagalorn set off with the following items: a +0 club, a +0
                  | ring mail, a potion of curing, a ration; and the following
                  | spell memorised: Magic Dart; and the following spells
                  | available to memorise: Blink, Call Imp, Slow, Conjure
                  | Flame, Mephitic Cloud
     0 | D:1      | Reached XP level 1. HP: 15/15 MP: 4/4
   306 | D:1      | Reached XP level 2. HP: 14/22 MP: 0/6
   692 | D:1      | Reached skill level 2 in Fighting
  1186 | D:1      | Reached XP level 3. HP: 26/27 MP: 8/8
  1361 | D:2      | Reached skill level 1 in Conjurations
  2691 | D:3      | Reached XP level 4. HP: 34/34 MP: 10/10
  2868 | D:3      | Found a faded altar of an unknown god.
  2876 | D:3      | Became a worshipper of Trog the Wrathful
  2876 | D:3      | Reached * piety under Trog
  2949 | D:3      | Reached skill level 3 in Fighting
  3254 | D:3      | Found a blossoming altar of Fedhas.
  3621 | D:4      | Reached skill level 4 in Fighting
  3621 | D:4      | Reached XP level 5. HP: 37/42 MP: 11/11
  3665 | D:4      | Found a sand-covered staircase.
  3673 | Ossuary  | Entered an ossuary
  3695 | Ossuary  | Reached XP level 6. HP: 50/50 MP: 12/12
  3848 | Ossuary  | Reached skill level 5 in Fighting
  3859 | Ossuary  | Slain by a mummy

Illustrated notes

Levels and vault maps discovered:
D:1:      minmay_arrival_jagged, layout_basic
D:2:      layout_loops_ring
D:3:      layout_basic, chequers_ecumenical_altar_simple, fedhas_altar_4
D:4:      layout_loops_ring, chequers_ossuary_entry_cave, uniq_sigmund,
          uniq_robin, uniq_crazy_yiuf_cottage, uniq_ijyb
Ossuary:  ossuary_the_hunt_dpeg

Skill      XL: |  1  2  3  4  5  6 |
---------------+-------------------+-----
Fighting       | 2 4 5 |  5.0
Conjurations   | 1 |  1.3
Armour         | 2 3 4 |  4.1
Spellcasting   | 4 |  4.0
Crossbows      | |  1.0
Stealth        | |  1.0
Shields        | |  1.1
Necromancy     | |  1.7

Action                   |  1- 3 |  4- 6 || total
-------------------------+-------+-------++-------
Melee: Unarmed           |    78 |       ||    78
       Spear             |   143 |    66 ||   209
       Trident           |       |    75 ||    75
Throw: Dart              |     5 |    11 ||    16
 Cast: Magic Dart        |    40 |       ||    40
Invok: Berserk           |       |     3 ||     3
 Abil: Hop               |       |     2 ||     2
  Use: Scroll            |       |     1 ||     1
  Eat: Chunk             |     6 |     5 ||    11
       Ration            |       |     1 ||     1
Armor: Ring mail         |   136 |       ||   136
       Scale mail        |     5 |    60 ||    65
Dodge: Dodged            |   144 |    68 ||   212
